 Dungeon Crawl Stone Soup version 0.29.1-13-g9f3cf754e1 (webtiles) character file.

Game seed: 16486930116004336556

81 Gabide the Cudgeller (level 4, -7/37 HPs)
             Began as a Formicid Berserker on Jan 29, 2023.
             Was a Believer of Trog.
             Mangled by Crazy Yiuf
             ... wielding a +4 quarterstaff of chaos
              (15 damage)
             ... on level 2 of the Dungeon.
             The game lasted 00:02:39 (2492 turns).

Gabide the Cudgeller (Formicid Berserker)           Turns: 2492, Time: 00:02:40

Health: -7/37      AC:  3    Str: 23    XL:     4   Next: 67%
Magic:  4/4        EV: 12    Int:  7    God:    Trog [**....]
Gold:   103        SH:  0    Dex: 13    Spells: 3/3 levels left

rFire   . . .      SeeInvis +   a - +0 mace
rCold   . . .      Faith    .   (no shield)
rNeg    . . .      Spirit   .   g - +0 leather armour
rPois   .          Reflect  .   (helmet unavailable)
rElec   .          Harm     .   (no cloak)
rCorr   .          Rampage  .   (no gloves)
Will    ++...                   (no boots)
Stlth   +.........              (no amulet)
HPRegen 1.12/turn               (no ring)
MPRegen 0.09/turn               (no ring)

@: strong-willed (expiring), regenerating (expiring)
A: permanent stasis, dig shafts and tunnels, antennae 3, four strong arms
a: Dig, Shaft Self, Renounce Religion, Trog's Hand


You were on level 2 of the Dungeon.
You worshipped Trog.
Trog was pleased with you.
You visited 1 branch of the dungeon, and saw 2 of its levels.

You collected 103 gold pieces.

Inventory:

Hand Weapons
 a - a +0 mace (weapon)
Armour
 g - a +0 leather armour (worn)
Scrolls
 d - a scroll of enchant armour {unknown}
 e - a scroll of fear {unknown}
 f - 2 scrolls of identify {unknown}
 i - a scroll of amnesia {unknown}
 j - a scroll of immolation {unknown}
Potions
 b - a potion of mutation {unknown}
 c - a potion of flight {unknown}
 h - 2 potions of brilliance {unknown}
 k - a potion of resistance {unknown}
 l - a potion of heal wounds {unknown}


   Skills:
 + Level 4.0 Fighting
 * Level 4.1 Maces & Flails
 - Level 2.1 Armour
 + Level 2.5 Dodging


You had 3 spell levels left.
You didn't know any spells.
Your spell library was empty.

Dungeon Overview and Level Annotations

Branches:
Dungeon (2/15)

Altars:
Makhleb

Annotations:
D:1 2 transporters
D:2 Crazy Yiuf


Innate Abilities, Weirdness & Mutations

You cannot be hasted, slowed, berserked, paralysed or teleported.
You can dig through walls and to a lower floor.
You have a pair of large antennae on your head. (SInv)
Your four strong arms can wield two-handed weapons with a shield.


Message History

No target in view!
No target in view!
No target in view!
No target in view!
You enter the shallow water.
Moving in this stuff is going to be slow.
You enter the shallow water.
Moving in this stuff is going to be slow.
You enter the shallow water.
Moving in this stuff is going to be slow.
You enter the shallow water.
Moving in this stuff is going to be slow.
Key pressed, stopping explore.
You see here a +0 dagger.
Crazy Yiuf shouts!
Crazy Yiuf grits, "Snoogle illywillydillykilly senile!"
Could not explore, unopened runed door.
No reachable target in view!
No reachable target in view!
Your skin crawls.
You feel strong-willed. As you open the door, it creaks loudly!
You hit Crazy Yiuf.
Crazy Yiuf is moderately wounded.
Crazy Yiuf zaps a wand.
The bolt of light misses you.
You hit Crazy Yiuf.
Crazy Yiuf is heavily wounded.
You feel the effects of Trog's Hand fading.
Crazy Yiuf screams, "Spliff arga bush!"
Crazy Yiuf hits you with a +4 quarterstaff of chaos!
Crazy Yiuf freezes you.
Crazy Yiuf hits you with a +4 quarterstaff of chaos!
* * * LOW HITPOINT WARNING * * *
Unknown command.
Unknown command.
You have nothing you can fire or use right now.
You closely miss Crazy Yiuf.
Crazy Yiuf is heavily wounded.
Crazy Yiuf hits you with a +4 quarterstaff of chaos!
You die...

#..####....#
#.## #....#
#.# #....#
#.# ##...#
#####.##
##.## ##
#......#
##.#
.####.######
#.##
..##..##
##.#
.......#
#@##
.......#####
#g#
..._.......#
...
........#.##
#...#
...........#
#)..#
......#.####
#####
......#.####
...#.##....#
...#.##.####


You could see Crazy Yiuf.

Vanquished Creatures
  3 adders (D:2)
  A dart slug (D:2)
  2 endoplasms (D:1)
  A giant cockroach (D:1)
  8 goblins
  4 hobgoblins (D:2)
  10 jackals
  3 quokkas
  5 ball pythons
  2 bats
  2 frilled lizards
  3 kobolds (D:2)
  A rat (D:1)
  A spectral kobold (D:1)
46 creatures vanquished.

Notes
Turn   | Place    | Note
-------+----------+-------------------------------------------
     0 | D:1      | Gabide the Formicid Berserker began the quest for the Orb.
     0 | D:1      | Reached XP level 1. HP: 18/18 MP: 1/1
    87 | D:1      | Reached XP level 2. HP: 12/24 MP: 2/2
   624 | D:1      | Reached XP level 3. HP: 17/29 MP: 3/3
  1031 | D:1      | Found a faded altar of an unknown god.
  1280 | D:2      | Reached ** piety under Trog
  1623 | D:2      | Reached XP level 4. HP: 28/37 MP: 4/4
  1744 | D:2      | Found a burning altar of Makhleb.
  1780 | D:2      | Found a runed translucent door.
  1781 | D:2      | Noticed Crazy Yiuf
  2492 | D:2      | Mangled by Crazy Yiuf

Illustrated notes

Levels and vault maps discovered:
D:1:      spicycebolla_arrival_transporter_tutorial, layout_loops_cross,
          dreamdust_ecumenical_altar_drowned_temple
D:2:      layout_basic, basic_altar, chequers_serial_rivers_large_a,
          uniq_crazy_yiuf_cottage

Skill      XL: |  1  2  3  4 |
---------------+-------------+-----
Dodging        | 2 |  2.5
Maces & Flails | 4 |  4.1
Fighting       | 4 |  4.0
Armour         | |  2.1

Action                   |  1- 3 |  4- 6 || total
-------------------------+-------+-------++-------
Melee: Mace              |   111 |    46 ||   157
       Punch             |     1 |     1 ||     2
Invok: Trog's Hand       |     1 |     1 ||     2
 Stab: Sleeping          |     1 |       ||     1
Armor: Animal skin       |     2 |       ||     2
       Leather armour    |    29 |    13 ||    42
Dodge: Dodged            |   111 |    24 ||   135
